 Dungeon Crawl Stone Soup version 0.29-a0-757-g358383bc75 (webtiles) character file.

Game seed: 14916346496763692742

1224 zeratav the Ruffian (level 8, -1/79 HPs)
             Began as a Troll Fighter on July 1, 2022.
             Was a Follower of Ru.
             Slain by an unseen horror (6 damage)
             ... on level 5 of the Dungeon.
             The game lasted 00:06:06 (4112 turns).

zeratav the Ruffian (Troll Fighter)                 Turns: 4112, Time: 00:06:06

Health: -1/79      AC:  7    Str: 38    XL:     8   Next: 23%
Magic:  7/7        EV:  8    Int:  3    God:    Ru [*.....]
Gold:   191        SH:  8    Dex: 10    Spells: 7/7 levels left

rFire   . . .      SeeInvis .     - Unarmed
rCold   . . .      Faith    +   b - +0 kite shield
rNeg    + . .      Spirit   .   a - +0 robe
rPois   +          Reflect  .   (helmet restricted)
rElec   .          Harm     .   m - +2 ratskin cloak {*Rats rPois rN+ Str-1 Int-1 Dex+1}
rCorr   .          Rampage  .   (gloves unavailable)
Will    .....                   (boots unavailable)
Stlth   +.........              q - amulet of faith {!P}
HPRegen 1.03/turn               f - +6 ring of strength
MPRegen 0.10/turn               o - +6 ring of strength

@: no status effects
A: large, unfitting armour, claws 3, regeneration 1, shaggy fur 1, tough skin 1,
no air magic, no conjurations magic, no transmutations magic
a: Renounce Religion


You were on level 5 of the Dungeon.
You worshipped Ru.
Ru was aware of your devotion.
You visited 2 branches of the dungeon, and saw 6 of its levels.
You also visited: Sewer.

You collected 191 gold pieces.


Innate Abilities, Weirdness & Mutations

You are too large for most types of armour.
You have claws for hands.
Your natural rate of healing is unusually fast.
You are covered in fur. (AC +1)
You have tough skin. (AC +1)
You cannot study or cast Air magic.
You cannot study or cast Conjurations magic.
You cannot study or cast Transmutations magic.


   Skills:
 + Level 4.6 Fighting
 + Level 4.1 Throwing
 - Level 2.4 Dodging
 + Level 5.1 Shields
 + Level 5.6 Unarmed Combat


You had 7 spell levels left.
You didn't know any spells.
Your spell library contained the following spells:

 Spells                   Type           Power      Damage    Failure   Level
 Gell's Gravitas          Tloc           0%         N/A       99%         3
 Lesser Beckoning         Tloc           0%         N/A       99%         3
 Teleport Other           Tloc           0%         N/A       99%         3
 Dispersal                Tloc           0%         N/A       100%        6
 Malign Gateway           Summ/Tloc      0%         N/A       100%        7
 Disjunction              Tloc           0%         N/A       100%        8
 Summon Horrible Things   Summ           0%         N/A       100%        8
 Ignite Poison            Fire/Tmut/Pois Unusable   N/A       N/A         3
 Mephitic Cloud           Conj/Pois/Air  Unusable   N/A       N/A         3
 Freezing Cloud           Conj/Ice/Air   Unusable   6-21      N/A         5

Inventory:

Missiles
 n - 2 curare-tipped darts (quivered) {=fthrowing}
Armour
 a - a +0 robe (worn)
 b - a +0 kite shield (worn)
 m - the +2 ratskin cloak (worn) {*Rats rPois rN+ Str-1 Int-1 Dex+1}
   (You found it on level 2 of the Dungeon)

   When the wearer is hurt, rats may emerge from it to assist them.
   Str:       It affects your strength (-1).
   Int:       It affects your intelligence (-1).
   Dex:       It affects your dexterity (+1).
   rPois:     It protects you from poison.
   rN:        It protects you from negative energy.
Jewellery
 f - a +6 ring of strength (left claw)
   (You found it on level 1 of the Dungeon)
 o - a +6 ring of strength (right claw)
   (You found it on level 3 of the Dungeon)
 q - an amulet of faith (around neck) {!P}
   (You found it on level 3 of the Dungeon)
Scrolls
 i - 3 scrolls of identify {@r1}
 l - 3 scrolls of fog
 r - a scroll of fear {unknown}
 t - a scroll of enchant armour {unknown}
 u - a scroll of blinking {unknown}
 v - a scroll of torment {unknown}
Potions
 c - 2 potions of might
 d - 4 potions of mutation {unknown}
 e - 3 potions of curing {unknown}
 g - 3 potions of heal wounds {unknown}
 h - 4 potions of haste {unknown}
 j - 2 potions of berserk rage {unknown}
 k - a potion of flight {unknown}
 p - 2 potions of attraction {unknown}
 s - a potion of magic {unknown}
 w - a potion of cancellation {unknown}
 x - 2 potions of ambrosia {unknown}

Dungeon Overview and Level Annotations

Branches:
Dungeon (5/15) Zot: 26190  Temple (1/1) D:4 Zot: 5922   Sewer (visited)

Altars:
Ashenzari
Cheibriados
Dithmenos
Elyvilon
Gozag
Hepliaklqana
Kikubaaqudgha
Makhleb
Nemelex Xobeh
Okawaru
Qazlal
Ru
Sif Muna
Trog
Uskayaw
Vehumet
Wu Jian
Xom
Yredelemnul
The Shining One
Beogh

#.######.## .# ####
#.######..#######$#
#.................#
#).####.....####..#
#..#$.##...##..#..#
#..#...##.##...#§§#
#..##..r#.#...##§.#
#... #.)#.#).##r§§#
#... ###)..###@§§.#
#........8...§{§§.#
#...###...###§§..#
#. '#.#'.##...#
.#.#...##..# .##.#
...#..# # ...
.$#..# ... ###..#
..#


You could see a friendly river rat.


Message History

Something hits you but does no damage.
The orc warrior unwields a +0 arbalest.
The orc warrior wields a +0 trident.
The orc warrior barely misses your hell rat.
Your hell rat closely misses the phantom.
HP[-1]
You take 1 damage, and now have 33/79 hp.
You barely miss the phantom. Something hits you.
* * * LOW HITPOINT WARNING * * *
The ufetubus hits you but does no damage.
The ufetubus closely misses you. The phantom completely misses you.
Your hell rat bites the phantom!
The phantom is destroyed!
The orc warrior unwields a +0 trident.
The orc warrior wields a +0 arbalest.
The orc warrior shoots a bolt.
You block the bolt. The ufetubus closely misses you.
The ufetubus hits you but does no damage.
Your river rat bites the orc warrior but does no damage.
Your Throwing skill increases to level 4!
Your Shields skill increases to level 5!
HP[-1]
You take 1 damage, and now have 32/79 hp.
You block something's attack.
The iguana barely misses your river rat.
Your hell rat bites the orc warrior!
Your hell rat drains the orc warrior.
The ufetubus barely misses you.
The ufetubus hits you but does no damage.
The orc warrior unwields a +0 arbalest.
The orc warrior wields a +0 trident.
The orc warrior hits you with a +0 trident!
* * * LOW HITPOINT WARNING * * *
Your river rat bites the orc warrior.
HP[-8]
You take 8 damage, and now have 24/79 hp.
You mangle the orc warrior!!
You kill the orc warrior!
Something hits your hell rat but does no damage.
You block the ufetubus's attack.
The ufetubus hits you but does no damage.
The iguana hisses menacingly.
The iguana closely misses your river rat.
The ufetubus barely misses you. x2; Your hell rat misses the ufetubus.
Your river rat bites the iguana.
The iguana hisses menacingly.
The iguana bites your river rat but does no damage.
HP[+1]
You barely miss the ufetubus. Something hits you but does no damage.
The ufetubus hits you but does no damage.
The ufetubus hits you.
* * * LOW HITPOINT WARNING * * *
Your hell rat bites the ufetubus!
The ufetubus dies!
Your river rat bites the iguana.
The iguana bites your river rat but does no damage.
HP[-3]
You take 3 damage, and now have 22/79 hp.
Something hits you but does no damage. Something hits you.
* * * LOW HITPOINT WARNING * * *
Your hell rat bites something!
Something hits you but does no damage.
Your river rat closely misses the iguana.
The iguana barely misses your river rat.
HP[-1]
You take 1 damage, and now have 21/79 hp.
Something hits you but does no damage.
Your hell rat bites something.
Something hits your hell rat.
HP[+1]
Something hits you!
* * * LOW HITPOINT WARNING * * *
Something hits you.
* * * LOW HITPOINT WARNING * * *
Something hits your hell rat!
Your hell rat dies!
Your river rat bites the iguana.
The iguana bites your river rat.
HP[-10]
You take 10 damage, and now have 12/79 hp.
Something hits you but does no damage. Something hits you.
* * * LOW HITPOINT WARNING * * *
Your river rat bites the iguana.
The iguana dies!
HP[-1]
You take 1 damage, and now have 11/79 hp.
As you read the scroll of fog, it crumbles to dust.
The scroll dissolves into smoke.
Something hits you.
* * * LOW HITPOINT WARNING * * *
Something hits you.
* * * LOW HITPOINT WARNING * * *
HP[-4]
You take 4 damage, and now have 7/79 hp.
You swap places.
Something hits you.
* * * LOW HITPOINT WARNING * * *
Ru believes you are ready to make a new sacrifice.
HP[-3]
You take 3 damage, and now have 4/79 hp.
Ru asks you to sacrifice all use of: Air, Transmutation, and Conjuration.
This is a medium sacrifice.
Piety after sacrifice: *.....
Do you really want to make this sacrifice?
You can no longer study or cast Air magic.
You can no longer study or cast Transmutations magic.
You can no longer study or cast Conjurations magic.
You now exude an aura of power that intimidates your foes.
Something hits you.
You die...

Skill      XL: |  1  2  3  4  5  6  7  8 |
---------------+-------------------------+-----
Unarmed Combat | 3 4 5 |  5.6
Throwing       | 1 2 3 4 |  4.1
Shields        | 3 4 5 |  5.1
Fighting       | 3 4 |  4.6
Dodging        | |  2.4

Action                   |  1- 3 |  4- 6 |  7- 9 || total
-------------------------+-------+-------+-------++-------
Melee: Unarmed           |    75 |   136 |    82 ||   293
Invok: Sacrifice Arcana  |       |       |     1 ||     1
  Use: Scroll            |       |     4 |     1 ||     5
 Stab: Sleeping          |       |     1 |     1 ||     2
Armor: Robe              |    28 |    37 |    31 ||    96
Dodge: Dodged            |    24 |    34 |    28 ||    86
Block: Kite shield       |    28 |    57 |    32 ||   117

Levels and vault maps discovered:
D:1:      nzn_arrival_depleted_hourglass, layout_basic
D:2:      layout_basic, minmay_misc_feat_rugged, minmay_misc_feat_iff
D:3:      layout_loops_ring, lightli_temple_of_fire,
          chequers_temple_overflow_statue_of_worship, lemuel_round_altar,
          shapermc_ecumenical_altar_starsandcircs, portal_sewer_entry_d
D:4:      layout_loops_ring, mainiacjoe_overflow_small_starburst,
          minmay_temple_entry_arrows, biasface_ghost_orc_armoury, serial_glass,
          glass_columns_a, glass_columns_a, minmay_strange_pillars,
          minmay_strange_pillars
D:5:      cheibrodos_barr_body, layout_layer_cave, kennysheep_path_1
Temple:   hellmonk_temple_of_storms

Notes
Turn   | Place    | Note
-------+----------+-------------------------------------------
     0 | D:1      | zeratav the Troll Fighter began the quest for the Orb.
     0 | D:1      | Reached XP level 1. HP: 22/22 MP: 0/0
     0 | D:1      | magus.rc [v1.9.6]
   264 | D:1      | Reached XP level 2. HP: 29/29 MP: 1/1
   295 | D:1      | You pick up a book of Displacement and begin reading...
   295 | D:1      | You add the spells Lesser Beckoning, Gell's Gravitas and
                  | Teleport Other to your library.
   404 | D:1      | Reached skill level 3 in Unarmed Combat
   752 | D:1      | You pick up a book of the Warp and begin reading...
   752 | D:1      | You add the spells Dispersal and Disjunction to your
                  | library.
   911 | D:2      | You add the spells Ignite Poison, Mephitic Cloud and
                  | Freezing Cloud to your library.
   936 | D:2      | Reached XP level 3. HP: 19/36 MP: 2/2
   967 | D:2      | Reached skill level 1 in Throwing
   967 | D:2      | Reached skill level 3 in Shields
  1078 | D:2      | Reached XP level 4. HP: 44/44 MP: 3/3
  1354 | D:2      | Found the +2 ratskin cloak {*Rats rPois rN+ Str-1 Int-1
                  | Dex+1}
  1828 | D:3      | Found a faded altar of an unknown god.
  2064 | D:3      | You add the spells Malign Gateway and Summon Horrible
                  | Things to your library.
  2089 | D:3      | Found a white marble altar of Elyvilon.
  2089 | D:3      | Found a stormy altar of Qazlal.
  2258 | D:3      | Found a glowing drain.
  2267 | Sewer    | Entered a sewer
  2285 | Sewer    | Reached skill level 3 in Fighting
  2358 | Sewer    | Noticed a kobold brigand
  2358 | Sewer    | Noticed a kobold brigand
  2360 | Sewer    | Killed a kobold brigand
  2361 | Sewer    | Reached skill level 2 in Throwing
  2361 | Sewer    | Reached XP level 5. HP: 53/53 MP: 4/4
  2367 | Sewer    | Reached skill level 4 in Unarmed Combat
  2368 | Sewer    | Reached XP level 6. HP: 61/61 MP: 5/5
  2427 | Sewer    | Reached skill level 4 in Shields
  2548 | D:3      | Found a shimmering altar of Xom.
  2774 | D:3      | Found a burning altar of Makhleb.
  2934 | D:4      | Found a snail-covered altar of Cheibriados.
  2994 | D:4      | Found a staircase to the Ecumenical Temple.
  3000 | D:4      | Reached skill level 3 in Throwing
  3000 | D:4      | Reached XP level 7. HP: 57/68 MP: 6/6
  3005 | Temple   | Entered the Ecumenical Temple
  3064 | Temple   | Became a worshipper of Ru the Awakened
  3394 | D:4      | Found a runed translucent gate.
  3395 | D:4      | Found a runed translucent gate.
  3395 | D:4      | Identified the +3 ring mail of the Ten Geomancers {Int+2}
  3395 | D:4      | Noticed buhh's ghost (amateur OpTm)
  3396 | D:4      | Found a runed translucent gate.
  3643 | D:4      | Killed buhh's ghost
  3644 | D:4      | Reached skill level 4 in Fighting
  3647 | D:4      | Reached skill level 5 in Unarmed Combat
  3685 | D:4      | Identified the +2 hat of Joy {Harm}
  3726 | D:5      | Entered Level 5 of the Dungeon
  4087 | D:5      | Reached XP level 8. HP: 79/79 MP: 7/7
  4103 | D:5      | Reached skill level 4 in Throwing
  4103 | D:5      | Reached skill level 5 in Shields
  4108 | D:5      | HP: 16/79 [something (7)]
  4110 | D:5      | HP: 7/79 [something (4)]
  4112 | D:5      | Gained mutation: You cannot study or cast Air magic. [Ru
                  | sacrifice]
  4112 | D:5      | Gained mutation: You cannot study or cast Transmutations
                  | magic. [Ru sacrifice]
  4112 | D:5      | Gained mutation: You cannot study or cast Conjurations
                  | magic. [Ru sacrifice]
  4112 | D:5      | Reached * piety under Ru
  4112 | D:5      | Slain by an unseen horror

Vanquished Creatures
  The ghost of buhh the Sneak, an amateur OpTm of Cheibriados (D:4)
  An orc warrior (D:5)
  A black bear (D:4)
  A centaur (D:5)
  4 kobold brigands (Sewer)
  A necrophage (D:4)
  A howler monkey (D:5)
  An orc priest (D:4)
  5 iguanas
  4 gnolls (D:2)
  3 adders (D:3)
  2 white imps (D:5)
  2 worms
  12 orcs
  3 bats
  12 endoplasms
  5 giant cockroaches
  4 goblins
  11 hobgoblins
  4 jackals (D:3)
  A quokka (D:2)
  12 ball pythons
  5 frilled lizards
  21 kobolds
  8 rats
125 creatures vanquished.

Vanquished Creatures (collateral kills)
  A phantom (D:5)
  An iguana (D:5)
  An ufetubus (D:5)
3 creatures vanquished.

Grand Total: 128 creatures vanquished

Table legend:
 A = Non-vault XP
 B = Vault XP
 C = Vault XP percentage of total XP
 D = Non-vault monster count
 E = Vault monster count
 F = Vault count percentage of total count
                 A         B        C        D         E       F
            +---------+---------+-------+---------+---------+-------
      Total |     637 |    1112 |  63.6 |      77 |      51 |  39.8
            +---------+---------+-------+---------+---------+-------
        D:1 |      29 |       0 |   0.0 |      20 |       0 |   0.0
        D:2 |      83 |       0 |   0.0 |      19 |       0 |   0.0
        D:3 |      58 |      13 |  18.3 |      19 |       1 |   5.0
        D:4 |     324 |     232 |  41.7 |      17 |      10 |  37.0
        D:5 |     143 |     448 |  75.8 |       2 |      13 |  86.7
      Sewer |       0 |     419 | 100.0 |       0 |      27 | 100.0
            +---------+---------+-------+---------+---------+-------

Illustrated notes

Table legend:
 A = Kills in this place as a percentage of kills in entire the game.
 B = Kills by you in this place as a percentage of kills by you in the entire game.
 C = Kills by friends in this place as a percentage of kills by friends in the entire game.
 D = Other kills in this place as a percentage of other kills in the entire game.
 E = Experience gained in this place as a percentage of experience gained in the entire game.
 F = Experience gained in this place divided by the number of levels of this place that you have seen.
                   A       B       C       D       E      F
               +-------+-------+-------+-------+-------+----------------------
         Total | 100.0 | 100.0 | 100.0 |   N/A | 100.0 | 249.9
       Dungeon |  78.9 |  78.4 | 100.0 |   N/A |  76.0 | 266.0
         Sewer |  21.1 |  21.6 |   0.0 |   N/A |  24.0 | 419.0
               +-------+-------+-------+-------+-------+----------------------

Table legend: (Time is in decaauts)
 A = Elapsed time spent in this place.
 B = Non-inter-level travel time spent in this place.
 C = Inter-level travel time spent in this place.
 D = Time resting spent in this place.
 E = Time spent auto-exploring this place.
 F = Levels seen in this place.
 G = Mean time per level.
                   A        B        C        D        E       F      G
               +--------+--------+--------+--------+--------+-----+--------+
         Total |   4162 |   3754 |    408 |      0 |   2956 |   7 |  594.6 |
       Dungeon |   3808 |   3430 |    378 |      0 |   2763 |   5 |  761.6 |
        Temple |     77 |     48 |     29 |      0 |     36 |   1 |   77.0 |
         Sewer |    276 |    276 |      0 |      0 |    157 |   1 |  276.0 |
               +--------+--------+--------+--------+--------+-----+--------+

Top non-repeatable levels by time:
     D:1: 879 daAuts
     D:2: 856 daAuts
     D:4: 854 daAuts
     D:3: 831 daAuts
     D:5: 386 daAuts
   Sewer: 276 daAuts
  Temple: 77 daAuts
